 Dungeon Crawl Stone Soup version 0.29-a0-418-gc0181ea820 (webtiles) character file.

Game seed: 6713129954720622400

379 bande the Twirler (level 6, -3/52 HPs)
             Began as a Minotaur Gladiator on May 17, 2022.
             Was an Initiate of Okawaru.
             Slain by Pikel
             ... wielding a +2 whip of freezing
              (4 damage)
             ... on level 5 of the Dungeon.
             The game lasted 00:05:57 (3606 turns).

bande the Twirler (Minotaur Gladiator)              Turns: 3606, Time: 00:05:58

Health: -3/52      AC:  9    Str: 16 (19) XL:     6   Next: 45%
Magic:  5/5        EV:  8    Int:  3 (5)  God:    Okawaru [......]
Gold:   127        SH:  0    Dex: 12 (13) Spells: 5/5 levels left

rFire   . . .      SeeInvis .   a - +1 quarterstaff
rCold   . . .      Faith    .   (shield currently unavailable)
rNeg    . . .      Spirit   .   o - +0 chain mail
rPois   .          Reflect  .   c - +0 hat
rElec   .          Harm     .   (no cloak)
rCorr   .          Rampage  .   (no gloves)
Will    .....                   (no boots)
Stlth   ..........              (no amulet)
HPRegen 0.17/turn               (no ring)
MPRegen 0.09/turn               (no ring)

@: no status effects
A: horns 2, retaliatory headbutt
a: Renounce Religion


You were on level 5 of the Dungeon.
You worshipped Okawaru.
Okawaru was noncommittal.
You visited 1 branch of the dungeon, and saw 5 of its levels.

You collected 127 gold pieces.

Inventory:

Hand Weapons
 a - a +1 quarterstaff (weapon)
 m - a +0 shortbow
Missiles
 d - 3 throwing nets (quivered)
 e - a javelin
Armour
 c - a +0 hat (worn)
 o - a +0 chain mail (worn)
Potions
 f - a potion of brilliance
 g - a potion of resistance
 i - a potion of lignification {unknown}
 j - a potion of curing
 k - 3 potions of flight
 l - a potion of mutation {unknown}


   Skills:
 + Level 3.7 Fighting
 + Level 6.4 Staves
 - Level 2.0 Throwing
 + Level 3.7 Armour
 + Level 4.3 Dodging
 - Level 0.1 Stealth
 * Level 0.8 Invocations


You had 5 spell levels left.
You didn't know any spells.
Your spell library contained the following spells:

 Spells                   Type           Power      Damage    Failure   Level
 Freeze                   Ice            0%         1d3       100%        1
 Corpse Rot               Necr/Air       0%         N/A       100%        2
 Poisonous Vapours        Pois/Air       0%         N/A       100%        2
 Dazzling Flash           Conj/Hex       0%         N/A       100%        3
 Frozen Ramparts          Ice            0%         1d2       100%        3
 Hailstorm                Conj/Ice       0%         3d3       100%        4
 Iskenderun's Mystic Bla  Conj/Tloc      0%         2d3       100%        4
 Olgreb's Toxic Radiance  Pois           0%         N/A       100%        4
 Starburst                Conj/Fire      0%         6d3       100%        6
 Ozocubu's Refrigeration  Ice            0%         4d5       100%        7
 Ignition                 Fire           0%         3d3       100%        8
 Summon Small Mammal      Summ           Unusable   N/A       N/A         1
 Call Canine Familiar     Summ           Unusable   N/A       N/A         3
 Summon Guardian Golem    Hex/Summ       Unusable   N/A       N/A         3

Dungeon Overview and Level Annotations

Branches:
Dungeon (5/15)
 Temple: D:4-7

Altars:
Elyvilon
Okawaru
Qazlal
Xom
Zin

Shops:
D:2 (   D:5 =

Annotations:
D:5 Pikel


Innate Abilities, Weirdness & Mutations

You have a pair of horns on your head.
You reflexively headbutt those who attack you in melee.


Message History

You are frozen.
Unknown command.
You hit Pikel but do no damage.
Pikel is moderately wounded.
Pikel says, "Hell isn't that bad."
Pikel closely misses you.
The endoplasm hits you but does no damage.
You hit Pikel. You headbutt Pikel.
Pikel is heavily wounded.
Pikel hits you with a +2 whip of freezing!
* * * LOW HITPOINT WARNING * * *
Pikel freezes you.
* * * LOW HITPOINT WARNING * * *
The endoplasm hits you.
* * * LOW HITPOINT WARNING * * *
You closely miss Pikel. Your headbutt misses Pikel.
Pikel is heavily wounded.
Pikel hits you with a +2 whip of freezing.
* * * LOW HITPOINT WARNING * * *
Pikel freezes you.
* * * LOW HITPOINT WARNING * * *
The endoplasm closely misses you. You furiously retaliate!
You headbutt the endoplasm!
You kill the endoplasm!
Okawaru accepts your kill.
You hit Pikel but do no damage.
Pikel is heavily wounded.
Pikel completely misses you. You furiously retaliate!
You headbutt Pikel, but do no damage.
Unknown command.
It was a potion of curing.
You feel better.
Pikel hits you with a +2 whip of freezing!
* * * LOW HITPOINT WARNING * * *
Pikel freezes you.
* * * LOW HITPOINT WARNING * * *
It was a potion of degeneration.
There was something very wrong with that liquid.
You feel weakened.
You feel dopey.
You feel clumsy.
Pikel hits you with a +2 whip of freezing.
You die...

... .... .
... .....
... ##..#.
.##..#....
.....#...#
...≈.....###
..≈.≈.K....#
.≈...≈.@..#
≈..∩..≈....#
.≈$..≈....##
..≈.≈....##
...≈...###
.......
..##... .#
#...


You could see Pikel.

Vanquished Creatures
  An ogre (D:4)
  A lemure (D:5)
  A centaur (D:3)
  A necrophage (D:4)
  An iguana (D:4)
  6 adders
  2 worms (D:2)
  A dart slug (D:3)
  7 orcs (D:3)
  8 ball pythons
  7 endoplasms
  4 giant cockroaches
  8 hobgoblins
  2 jackals (D:1)
  2 quokkas
  2 bats (D:1)
  2 frilled lizards (D:3)
  6 goblins
  5 kobolds
  9 rats
76 creatures vanquished.

Notes
Turn   | Place    | Note
-------+----------+-------------------------------------------
     0 | D:1      | bande the Minotaur Gladiator began the quest for the Orb.
     0 | D:1      | Reached XP level 1. HP: 18/18 MP: 0/0
    82 | D:1      | Reached skill level 4 in Staves
   158 | D:1      | Reached XP level 2. HP: 13/25 MP: 1/1
   753 | D:2      | Found a faded altar of an unknown god.
   784 | D:2      | Reached XP level 3. HP: 30/30 MP: 2/2
  1240 | D:2      | Found Paharud's Antique Weapon Emporium.
  1853 | D:3      | Reached skill level 1 in Armour
  2165 | D:3      | Noticed a centaur
  2174 | D:3      | Killed a centaur
  2175 | D:3      | Reached skill level 5 in Staves
  2175 | D:3      | Reached XP level 4. HP: 15/38 MP: 3/3
  2175 | D:3      | Reached XP level 5. HP: 18/45 MP: 4/4
  2746 | D:3      | Found a glowing silver altar of Zin.
  2752 | D:3      | Found a stormy altar of Qazlal.
  2755 | D:3      | Found a shimmering altar of Xom.
  3004 | D:4      | Found an iron altar of Okawaru.
  3019 | D:4      | Noticed an ogre
  3023 | D:4      | Became a worshipper of Warmaster Okawaru
  3029 | D:4      | Killed an ogre
  3030 | D:4      | Reached skill level 6 in Staves
  3030 | D:4      | Reached XP level 6. HP: 10/51 MP: 5/5
  3387 | D:4      | Found a white marble altar of Elyvilon.
  3557 | D:4      | Noticed Pikel
  3570 | D:5      | Entered Level 5 of the Dungeon
  3570 | D:5      | Found Xebuenki's Jewellery Shop.
  3605 | D:5      | HP: 1/52 [Pikel/+2 whip of freezing (2)]
  3606 | D:5      | Slain by Pikel

Illustrated notes

Levels and vault maps discovered:
D:1:      dpeg_arrival_pits, layout_rooms, hangedman_decor_diamond_cutter
D:2:      layout_basic, shapermc_ecumenical_altar_mp_urbaneastern, serial_shops,
          shop
D:3:      layout_loops_cross, minmay_overflow_temple_star_quad, st_stairs_12
D:4:      layout_basic, overflow_temple_1_default, overflow_temple_1_default,
          minmay_temple_entry_poolview, uniq_pikel
D:5:      layout_cave_pools, serial_shops, nicolae_diamond_shop,
          uniq_blork_the_orc

Skill      XL: |  1  2  3  4  5 |
---------------+----------------+-----
Staves         | 4 5 6 |  6.4
Armour         | 2 3 |  3.7
Fighting       | 3 |  3.7
Dodging        | 4 |  4.3
Throwing       | |  2.0
Stealth        | |  0.1
Invocations    | |  0.8

Action                   |  1- 3 |  4- 6 || total
-------------------------+-------+-------++-------
Melee: Quarterstaff      |    79 |    84 ||   163
       Headbutt          |     9 |    17 ||    26
  Use: Scroll            |     7 |     3 ||    10
       Potion            |       |     2 ||     2
Armor: Leather armour    |     8 |       ||     8
       Ring mail         |     4 |       ||     4
       Scale mail        |    23 |     4 ||    27
       Chain mail        |       |    31 ||    31
Dodge: Dodged            |    45 |    36 ||    81

Table legend: (Time is in decaauts)
 A = Elapsed time spent in this place.
 B = Non-inter-level travel time spent in this place.
 C = Inter-level travel time spent in this place.
 D = Time resting spent in this place.
 E = Time spent auto-exploring this place.
 F = Levels seen in this place.
 G = Mean time per level.
                   A        B        C        D        E       F      G
               +--------+--------+--------+--------+--------+-----+--------+
         Total |   3614 |   3494 |    120 |    396 |   2607 |   5 |  722.8 |
       Dungeon |   3614 |   3494 |    120 |    396 |   2607 |   5 |  722.8 |
               +--------+--------+--------+--------+--------+-----+--------+

Top non-repeatable levels by time:
     D:2: 1144 daAuts
     D:3: 1089 daAuts
     D:1: 707 daAuts
     D:4: 638 daAuts
     D:5: 34 daAuts
